 Dungeon Crawl Stone Soup version 0.27-a0-1202-ge72e49191c (webtiles) character file.

Game seed: 6067123346808378794

523 streetpizza the Insei (level 7, -1/47 HPs)
             Began as an Octopode Transmuter on June 2, 2021.
             Slain by an orc wizard
             ... wielding a +0 dagger of speed
              (4 damage)
             ... on level 4 of the Dungeon.
             The game lasted 00:20:10 (6534 turns).

streetpizza the Insei (Octopode Transmuter)         Turns: 6534, Time: 00:20:11

Health: -1/47      AC:  1    Str:  9    XL:     7   Next: 22%
Magic:  12/12      EV: 13    Int: 18    God:
Gold:   203        SH:  0    Dex: 12    Spells: 12/13 levels left

rFire    . . .     SeeInvis .   c - +4 dagger
rCold    . . .     Faith    .   (no shield)
rNeg     . . .     Spirit   .   (helmet currently unavailable)
rPois    .         Reflect  .   (no amulet)
rElec    .         Harm     .   h - ring of wizardry
rCorr    .         Rampage  .   (no ring)
Will     .....                  (no ring)
Stlth    ++........             (no ring)
HPRegen  0.15/turn              (no ring)
MPRegen  0.13/turn              (no ring)
                                (no ring)
                                (no ring)

@: appendages
A: tentacle spike 3, almost no armour, amphibious, 8 rings, camouflage 1,
gelatinous body 1, (nimble swimmer 1), tentacles
a: End Transformation


You were on level 4 of the Dungeon.
One of your tentacles had grown a beastly spike.
You visited 1 branch of the dungeon, and saw 4 of its levels.
You also visited: Sewer.

You collected 203 gold pieces.

Inventory:

Hand Weapons
 c - a +4 dagger (weapon)
Missiles
 d - 102 stones
 e - 6 javelins
Magical Staves
 m - a staff of death
Jewellery
 h - a ring of wizardry (left tentacle)
Wands
 o - a wand of digging (4)
Scrolls
 a - 8 scrolls of identify {unknown}
 b - a scroll of teleportation {unknown}
 f - 2 scrolls of immolation {unknown}
 g - a scroll of blinking {unknown}
 i - 2 scrolls of enchant armour {unknown}
 j - a scroll of enchant weapon {unknown}
 k - a scroll of fog {unknown}
 n - 2 scrolls of fear {unknown}
 p - a scroll of noise {unknown}
 s - a scroll of vulnerability {unknown}
Potions
 l - 3 potions of curing
 q - a potion of degeneration {unknown}
 r - a potion of lignification {unknown}


   Skills:
 + Level 3.6 Fighting
 - Level 2.0 Dodging
 + Level 4.7 Unarmed Combat
 + Level 3.9 Spellcasting
 + Level 4.1 Transmutations


You had 12 spell levels left.
You knew the following spells:

 Your Spells              Type           Power      Damage    Failure   Level
a - Beastly Appendage     Tmut           36%        N/A       1%          1

Your spell library contained the following spells:

 Spells                   Type           Power      Damage    Failure   Level
 Wereblood                Tmut           18%        N/A       1%          2
 Spider Form              Tmut/Pois      5%         N/A       8%          3
 Confusing Touch          Hex            3%         N/A       17%         3
 Gell's Gravitas          Tloc           1%         N/A       17%         3
 Ice Form                 Ice/Tmut       10%        N/A       26%         4
 Petrify                  Tmut/Erth      10%        N/A       26%         4
 Hydra Form               Tmut           9%         N/A       30%         5
 Yara's Violent Unravell  Hex/Tmut       5%         3d4       54%         5
 Metabolic Englaciation   Hex/Ice        1%         N/A       82%         5


Dungeon Overview and Level Annotations

Branches:
Dungeon (4/15)              Sewer (visited)
 Temple: D:4-7

Altars:
Dithmenos
Makhleb
Vehumet
Wu Jian

Shops:
D:3 (

Annotations:
D:3 3 runed translucent doors, Eryximachus's ghost, amateur TeAE


Innate Abilities, Weirdness & Mutations

One of your tentacles has grown a beastly spike.
You cannot wear most types of armour.
You are amphibious.
You can wear up to eight rings at the same time.
Your skin changes colour to match your surroundings (Stealth+).
Your rubbery body absorbs attacks. (AC +1, EV +1)
((You are camouflaged near water. (Stealth+)))
You have tentacles for arms and can constrict up to eight enemies at once.


Message History

The orc wizard is almost dead.
You constrict the orc wizard.
You kill the orc wizard!
An orc wizard appears from thin air!
Reactivating autopickup.
You hit the orc wizard. Your grab misses the orc wizard.
The orc wizard is moderately wounded.
You barely miss the orc wizard. Your grab misses the orc wizard.
You pierce the orc wizard.
The orc wizard is heavily wounded.
The orc wizard points at you and mumbles some strange words.
The puff of flame hits you!
You hit the orc wizard. Your grab misses the orc wizard.
The orc wizard is severely wounded.
The orc wizard misses you.
You hit the orc wizard. You grab the orc wizard.
The orc wizard is severely wounded.
You constrict the orc wizard. The orc wizard misses you.
You hit the orc wizard.
The orc wizard is almost dead.
You constrict the orc wizard.
The orc wizard hits you with a +1 dagger of electrocution.
You hit the orc wizard.
You kill the orc wizard!
Something hits you.
Deactivating autopickup; reactivate with Ctrl-A.
You miss something.
You pierce something.
Your squeeze misses something.
You hear some strange, mumbled words.
A puff of flame appears from out of thin air!
The puff of flame hits you!
* * * LOW HITPOINT WARNING * * *
You closely miss something. Something hits you.
* * * LOW HITPOINT WARNING * * *
Something hits you.
* * * LOW HITPOINT WARNING * * *
You miss something. Something hits you but does no damage.
You miss something. Something barely misses you. Something hits you.
* * * LOW HITPOINT WARNING * * *
You hit something. Your squeeze misses something. Something hits you.
You die...

#........#####....
#..#####.# #....
#..# .# #.... #..#
.# ##### #..# #.
#..#####.# #.
#........# #.
#{######## #. #@#
#< #.# #. #.# #.
#.# #.
#.###############.
#.................
##################


There were no monsters in sight!

Vanquished Creatures
  A howler monkey (D:4)
  3 hounds (D:4)
  A centaur skeleton (D:4)
  Natasha (thrice) (D:2)
  5 orc wizards
  7 adders
  A river rat (D:4)
  A worm (D:3)
  3 dart slugs
  6 orcs
  9 endoplasms
  2 giant cockroaches
  4 goblins
  4 hobgoblins
  6 jackals
  7 kobolds
  6 quokkas
  9 ball pythons
  5 bats
  6 frilled lizards
  7 rats
96 creatures vanquished.

Vanquished Creatures (others)
  2 fungi (D:3)
  2 plants (D:3)
4 creatures vanquished.

Grand Total: 100 creatures vanquished

Notes
Turn   | Place    | Note
-------+----------+-------------------------------------------
     0 | D:1      | streetpizza the Octopode Transmuter began the quest for the
                  | Orb.
     0 | D:1      | Reached XP level 1. HP: 13/13 MP: 3/3
   332 | D:1      | Reached XP level 2. HP: 10/18 MP: 3/5
  1659 | D:2      | Reached XP level 3. HP: 20/24 MP: 4/6
  2075 | D:2      | Reached XP level 4. HP: 29/29 MP: 7/7
  2139 | D:2      | Noticed Natasha
  2146 | D:2      | Killed Natasha
  2558 | D:2      | Noticed Natasha
  2566 | D:2      | Killed Natasha
  2567 | D:2      | Reached XP level 5. HP: 35/35 MP: 7/9
  2573 | D:2      | Noticed Natasha
  2582 | D:2      | Killed Natasha
  3891 | D:3      | Found a runed translucent gate.
  3891 | D:3      | Found a runed translucent gate.
  3891 | D:3      | Found a runed translucent gate.
  3892 | D:3      | Noticed Eryximachus's ghost (amateur TeAE)
  3893 | D:3      | Noticed a kobold brigand
  4148 | D:3      | Found Atruyps's Weapon Shop.
  4394 | D:3      | Reached XP level 6. HP: 41/41 MP: 10/10
  4470 | D:3      | Found a burning altar of Makhleb.
  4470 | D:3      | Found an ornate altar of the Wu Jian Council.
  4487 | D:3      | Found a shadowy altar of Dithmenos.
  4487 | D:3      | Found a radiant altar of Vehumet.
  5100 | D:4      | Found a glowing drain.
  5115 | Sewer    | Entered a sewer
  5206 | Sewer    | Noticed Purgy
  5977 | D:4      | Reached XP level 7. HP: 45/46 MP: 10/12
  6534 | D:4      | Slain by an orc wizard

Illustrated notes

Levels and vault maps discovered:
D:1:      dpeg_arrival_castle, layout_basic, minmay_split_cup_small
D:2:      layout_basic, uniq_natasha
D:3:      layout_basic, grunt_temple_overflow_open,
          gammafunk_ghost_nasty_kobolds, serial_shops, shop
D:4:      layout_loops_ring, gup_sewer_entry_spiral,
          minmay_a_box_with_orc_wizards_in_it

Skill      XL: |  1  2  3  4  5  6  7 |
---------------+----------------------+-----
Fighting       | 2 3 |  3.6
Transmutations | 3 4 |  4.1
Spellcasting   | 3 |  3.9
Unarmed Combat | 4 |  4.7
Dodging        | |  2.0

Action                   |  1- 3 |  4- 6 |  7- 9 || total
-------------------------+-------+-------+-------++-------
Melee: Unarmed           |    62 |    51 |       ||   113
       Constrict         |    17 |    38 |     5 ||    60
       Tentacles         |    12 |    23 |     5 ||    40
       Kick              |     9 |    29 |     6 ||    44
       Punch             |     2 |     2 |     1 ||     5
       Dagger            |       |   117 |    39 ||   156
Throw: Stone             |       |     8 |       ||     8
 Cast: Beastly Appendage |    19 |    26 |     4 ||    49
  Use: Potion            |       |     3 |       ||     3
 Stab: Sleeping          |     3 |    11 |       ||    14
Armor: Skin              |     9 |     8 |     2 ||    19
Dodge: Dodged            |    27 |    99 |    15 ||   141

Table legend: (Time is in decaauts)
 A = Elapsed time spent in this place.
 B = Non-inter-level travel time spent in this place.
 C = Inter-level travel time spent in this place.
 D = Time resting spent in this place.
 E = Time spent auto-exploring this place.
 F = Levels seen in this place.
 G = Mean time per level.
                   A        B        C        D        E       F      G
               +--------+--------+--------+--------+--------+-----+--------+
         Total |   6530 |   6472 |     58 |    333 |   5049 |   5 | 1306.0 |
       Dungeon |   6321 |   6263 |     58 |    333 |   4977 |   4 | 1580.2 |
         Sewer |    208 |    208 |      0 |      0 |     72 |   1 |  208.0 |
               +--------+--------+--------+--------+--------+-----+--------+

Top non-repeatable levels by time:
     D:2: 2008 daAuts
     D:1: 1758 daAuts
     D:3: 1364 daAuts
     D:4: 1190 daAuts
   Sewer: 208 daAuts
